AoeStats
← Buen Levi

Arena

510916735Analyzed
2v2 RM · 21h ago on Oct 3, 2026· 48m 56s· 4 players
Game mode
Random Map
Map size
Medium (4 player)
Population
200
Speed
Normal
Resources
Standard
Victory
Conquest
Starting age
Dark Age
Ending age
Imperial Age
RankedLock teamsTeams togetherTeam positionsShared explorationLock speedFull tech treeHidden civsTurbo modeCheats
Victory
Defeat
🇺🇾 Italians · Uruguay
664
+11
🇺🇾 Spanish · Uruguay
663
+11
🇪🇨 Sicilians · Ecuador
649
-14
🇺🇸 Muisca · United States
474
-8
Mapkos11
10:07 Feudal Age
11:27 Wheelbarrow
10:40 Horse Collar
11:01 Double-Bit Axe
11:25 Gold Mining
21:20 Castle Age
21:33 Forging
21:24 Scale Mail Armor
21:25 Padded Archer Armor
21:16 Fletching
22:23 Squires
Buen Levi
0:29 Loom
14:37 Feudal Age
15:04 Double-Bit Axe
15:00 Horse Collar
20:19 Castle Age
19:13 Stone Mining
19:15 Gold Mining
26:07 Wheelbarrow
31:18 Stone Shaft Mining
30:50 Elite Skirmisher
32:36 Fletching
39:20 Imperial Age
39:37 First Crusade
47:01 Elite Serjeant
47:05 Capped Ram
manu.alzugaray
9:18 Feudal Age
11:03 Double-Bit Axe
12:43 Wheelbarrow
18:19 Castle Age
21:02 Fletching
23:34 Crossbowman
28:17 Bodkin Arrow
28:23 Padded Archer Armor
37:29 Imperial Age
37:04 Silk Road
36:48 Horse Collar
37:37 Elite Genoese Crossbowman
40:15 Chemistry
41:49 Ballistics
42:30 Chemistry
41:32 Bracer
41:48 Leather Archer Armor
44:03 Ring Archer Armor
43:35 Treadmill Crane
47:25 Pirotechnia
46:48 Spies/Treason
Sidexuru
6:57 Loom
10:49 Feudal Age
12:42 Double-Bit Axe
12:42 Horse Collar
19:24 Castle Age
23:32 Bloodlines
23:22 Husbandry
24:27 Scale Barding Armor
24:33 Forging
28:44 Wheelbarrow
27:55 Town Watch
29:46 Ballistics
30:16 Murder Holes
33:08 Imperial Age
31:55 Chain Barding Armor
32:23 Inquisition
34:18 Conscription
33:22 Cavalier
35:41 Chemistry
36:11 Elite Conquistador
Connection lost

Rejoining the realm…

Still unreachable

The connection could not be restored.

Session expired

The server has moved on; the page needs a fresh start.